AoeStats
← DaegonMagno

Northern Isles

510610436Analyzed
1v1 RM · 1d ago on Oct 1, 2026· 22m 33s· 2 players
Game mode
Random Map
Map size
Tiny (2 player)
Population
200
Speed
Normal
Resources
Standard
Victory
Conquest
Starting age
Dark Age
Ending age
Imperial Age
RankedLock teamsTeams togetherTeam positionsShared explorationLock speedFull tech treeHidden civsTurbo modeCheats
Victory
Defeat
🇨🇴 Malay · Colombia
741
+15
🇲🇽 Magyars · Mexico
723
-15
FaridHD
9:48 Feudal Age
10:18 Double-Bit Axe
19:44 Castle Age
18:12 Double-Bit Axe
18:09 Horse Collar
18:17 Fishing Lines
21:11 Crossbowman
DaegonMagno
11:35 Feudal Age
11:16 Double-Bit Axe
15:11 Fishing Lines
16:41 Stone Mining
16:42 Gold Mining
21:00 Castle Age
20:47 Wheelbarrow
20:59 Bow Saw
20:47 Horse Collar
21:57 Scale Barding Armor
Connection lost

Rejoining the realm…

Still unreachable

The connection could not be restored.

Session expired

The server has moved on; the page needs a fresh start.